 Dungeon Crawl Stone Soup version 0.21.0-3-g78d12a8 (webtiles) character file.

1110 MDvedh the Cleaver (level 8, -10/68 HPs)
             Began as a Hill Orc Monk on Jan 8, 2018.
             Was a Priest of Beogh.
             Mangled by an ogre
             ... wielding a +0 giant spiked club
              (25 damage)
             ... on level 6 of the Dungeon.
             The game lasted 00:08:58 (5688 turns).

MDvedh the Cleaver (Hill Orc Monk)                  Turns: 5688, Time: 00:08:58

Health: -10/68     AC:  6    Str: 18    XL:     8   Next: 33%
Magic:  8/8        EV: 11    Int: 10    God:    Beogh [***...]
Gold:   328        SH:  0    Dex: 13    Spells: 7/7 levels left

rFire    . . .     SeeInvis .   a - +1 hand axe
rCold    . . .     Gourm    .   (no shield)
rNeg     . . .     Faith    .   r - +0 ring mail (curse)
rPois    .         Spirit   .   (no helmet)
rElec    .         Reflect  .   (no cloak)
rCorr    .         Harm     .   q - +0 pair of gloves
MR       .....                  (no boots)
Stlth    +.........             (no amulet)
HPRegen  0.21/turn              e - +2 ring of strength
MPRegen  0.11/turn              (no ring)

@: hasted, very quick
A: no striking features
a: Smiting, Renounce Religion


You were on level 6 of the Dungeon.
You worshipped Beogh.
Beogh was most pleased with you.
You were not hungry.

You visited 1 branch of the dungeon, and saw 6 of its levels.

You collected 328 gold pieces.

Inventory:

Hand Weapons
 a - a +1 hand axe (weapon)
Armour
 b - a +0 robe
 m - a +0 ring mail
 q - a +0 pair of gloves (worn)
 r - a cursed +0 ring mail (worn)
Jewellery
 e - a +2 ring of strength (left hand)
Wands
 g - a wand of disintegration (12)
 p - a wand of polymorph (10)
Scrolls
 f - a scroll of enchant weapon
 k - a scroll of identify
 n - 2 scrolls of remove curse
Potions
 d - 3 potions of degeneration
 h - a potion of magic
 j - 2 potions of mutation
 l - a potion of heal wounds {unknown}
Comestibles
 c - 4 rations


   Skills:
 - Level 5.1 Fighting
 * Level 11.5 Axes
 - Level 3.0 Armour
 - Level 2.4 Dodging
 - Level 1.5 Stealth


You had 7 spell levels left.
You didn't know any spells.

Dungeon Overview and Level Annotations

Branches:
Dungeon (6/15)
 Temple: D:4-7

Altars:
Elyvilon
Nemelex Xobeh
Uskayaw

Annotations:
D:3 flopdemafkees's ghost, amateur NaWr


Message History

The orc priest mumbles some strange prayers to Beogh against you.
Pain shoots through your body!
* * * LOW HITPOINT WARNING * * *
Unknown command.
Unknown command.
Your orc barely misses the orc priest.
Found 12 gold pieces.
The orc priest looks braver for a moment.
Found 18 sling bullets.
The orc warrior hits you with a hand axe.
* * * LOW HITPOINT WARNING * * *
The orc priest hits your orc with a flail!
Your orc dies!
You see here 12 gold pieces.
You see here a potion of haste.
i - a potion of haste The orc warrior misses you.
You feel yourself speed up.
The ogre hits you with a giant spiked club!!
You die...

...............).......
#......%.......................
#...............(..............
#..................$...........
#.................############
#...............o.#
#.................#
#............Oo...#
#...FZ.......@....#
####..5F.......#######
#......####.)..#
#....(.#..#....#
#......'..#....#
#......#..#....#
###'####..#####.. ..#........#
... ..#........# ..


You could see an orc warrior, an ogre and an orc priest.

Vanquished Creatures
  Grinder (D:5)
  2 sky beasts (D:5)
  An ogre (D:4)
  A centaur (D:4)
  A howler monkey (D:4)
  A centaur zombie (D:6)
  2 crimson imps
  A bullfrog zombie (D:5)
  4 hounds
  2 orc wizards
  A worker ant (D:4)
  A hound skeleton (D:5)
  9 adders
  2 river rats (D:4)
  3 oozes
  An adder skeleton (D:5)
  3 worms
  A dart slug (D:2)
  2 leopard geckos
  17 orcs
  3 ball pythons
  7 giant cockroaches
  7 goblins
  2 hobgoblins (D:1)
  10 jackals
  2 quokkas
  9 bats
  2 frilled lizards
  A jackal zombie (D:5)
  9 kobolds
  A leopard gecko skeleton (D:6)
  10 rats
119 creatures vanquished.

Vanquished Creatures (others)
  An orc priest (D:4)
  An orc wizard (D:4)
  4 orcs
6 creatures vanquished.

Grand Total: 125 creatures vanquished

Notes
Turn   | Place    | Note
-------+----------+-------------------------------------------
     0 | D:1      | MDvedh the Hill Orc Monk began the quest for the Orb.
     0 | D:1      | Reached XP level 1. HP: 19/19 MP: 1/1
   209 | D:1      | Reached XP level 2. HP: 26/27 MP: 2/2
   566 | D:1      | Reached skill level 1 in Armour
   839 | D:1      | Reached XP level 3. HP: 33/33 MP: 3/3
  1070 | D:1      | Reached skill level 5 in Axes
  1574 | D:2      | Reached XP level 4. HP: 19/40 MP: 4/4
  1770 | D:2      | Found a white marble altar of Elyvilon.
  2241 | D:2      | Found a sparkling altar of Nemelex Xobeh.
  2952 | D:3      | Noticed flopdemafkees's ghost (amateur NaWr)
  3022 | D:3      | Reached XP level 5. HP: 38/47 MP: 5/5
  3029 | D:3      | Reached skill level 6 in Axes
  3196 | D:4      | Became a worshipper of Beogh the Brigand
  3196 | D:4      | Reached * piety under Beogh
  3196 | D:4      | Reached ** piety under Beogh
  3258 | D:4      | Noticed a centaur
  3276 | D:4      | HP: 2/70 [centaur/uncursed flail (5)]
  3284 | D:4      | HP: 1/70 [centaur/uncursed flail (3)]
  3291 | D:4      | HP: 1/70 [centaur/uncursed flail (1)]
  3294 | D:4      | Killed a centaur
  3294 | D:4      | Reached skill level 5 in Fighting
  3294 | D:4      | Reached XP level 6. HP: 2/56 MP: 6/6
  3633 | D:4      | Reached skill level 7 in Axes
  3713 | D:4      | Found a glowing drain.
  4115 | D:5      | Entered Level 5 of the Dungeon
  4285 | D:5      | Reached skill level 8 in Axes
  4313 | D:5      | Found a hide-covered altar of Uskayaw.
  4390 | D:5      | Noticed Grinder
  4401 | D:5      | Reached XP level 7. HP: 61/61 MP: 7/7
  4402 | D:5      | Paralysed by Grinder for 2 turns
  4420 | D:5      | Killed Grinder
  4420 | D:5      | Reached skill level 9 in Axes
  4860 | D:5      | Reached skill level 10 in Axes
  4971 | D:5      | Reached XP level 8. HP: 65/68 MP: 8/8
  5007 | D:5      | Found a sparkling altar of Nemelex Xobeh.
  5234 | D:6      | Reached *** piety under Beogh
  5234 | D:6      | Reached skill level 11 in Axes
  5688 | D:6      | Mangled by an ogre

Skill      XL: |  1  2  3  4  5  6  7  8 |
---------------+-------------------------+-----
Armour         | 1 2 3 |  3.0
Fighting       | 4 5 |  5.1
Axes           | 5 6 8 10 11 | 11.5
Dodging        | |  2.4
Stealth        | |  1.5

Action                   |  1- 3 |  4- 6 |  7- 9 || total
-------------------------+-------+-------+-------++-------
Melee: Hand axe          |   118 |   248 |   149 ||   515
Invok: Convert to Beogh  |       |     1 |       ||     1
  Use: Scroll            |       |    12 |     1 ||    13
       Potion            |       |     5 |     3 ||     8
 Stab: Sleeping          |     5 |       |       ||     5
  Eat: Chunk             |     2 |     8 |       ||    10
       Ration            |       |     1 |     1 ||     2
Armor: Robe              |    19 |       |       ||    19
       Ring mail         |       |    78 |    40 ||   118
       Skin              |       |    17 |       ||    17
Dodge: Dodged            |    79 |   133 |    65 ||   277
